 Dungeon Crawl Stone Soup version 0.23-a0-814-g91b4073 (webtiles) character file.

51558 poirepourri the Peltast (level 14, -2/132 HPs)
             Began as a Deep Dwarf Fighter on Jan 21, 2019.
             Was the Champion of Makhleb.
             Drowned by a drowned soul (9 damage)
             ... summoned by a merfolk avatar
             ... on level 6 of the Lair of Beasts.
             The game lasted 00:17:21 (13234 turns).

poirepourri the Peltast (Deep Dwarf Fighter)       Turns: 13234, Time: 00:17:21

Health: -2/132     AC: 27    Str: 29    XL:     14   Next: 23%
Magic:  12/12      EV:  9    Int: 16    God:    Makhleb [******]
Gold:   951        SH: 21    Dex: 16    Spells: 13/13 levels left

rFire    + . .     SeeInvis .   a - +5 war axe of the Crushed Ghosts {venom, rPois rC+}
rCold    + + .     Gourm    .   c - +5 shield
rNeg     + . .     Faith    .   K - +2 chain mail {rC+}
rPois    +         Spirit   .   Q - +0 helmet "Siapn" {rF+ Str+5}
rElec    .         Reflect  .   d - -1 cloak of Fit Notank {rPois}
rCorr    +         Harm     .   y - +0 pair of gloves
MR       ++...                  k - +1 pair of boots "Ilokadik" {rCorr Stlth+}
Stlth    ..........             (no amulet)
HPRegen  0.00/turn              t - ring of Robustness {AC+8}
MPRegen  0.13/turn              E - +5 ring of strength

@: brilliant, mesmerised, non-regenerating, studying 2 skills, very slow
A: damage resistance, heal wounds, low mp 1, negative energy resistance 1, sense
surroundings 2, no regeneration
a: Heal Wounds, Minor Destruction, Lesser Servant of Makhleb, Major Destruction,
Greater Servant of Makhleb, Renounce Religion


You were on level 6 of the Lair of Beasts.
You worshipped Makhleb.
Makhleb was exalted by your worship.
You were not hungry.

You visited 3 branches of the dungeon, and saw 19 of its levels.
You also visited: Ossuary and Gauntlet.

You collected 1083 gold pieces.
You spent 132 gold pieces at shops.

Inventory:

Hand Weapons
 a - the +5 war axe of the Crushed Ghosts (weapon) {venom, rPois rC+}
   (You found it on level 8 of the Dungeon)

   It poisons the flesh of those it strikes.
   It protects you from cold.
   It protects you from poison.
 b - a +5 morningstar
Missiles
 o - 2 steel tomahawks (quivered)
 J - 15 javelins
Armour
 c - a +5 shield (worn)
 d - the -1 cloak of Fit Notank (worn) {rPois}
   (You found it in a Gauntlet)

   It protects you from poison.
 k - the +1 pair of boots "Ilokadik" (worn) {rCorr Stlth+}
   (You found it in a Gauntlet)

   It provides partial protection from all sources of acid and corrosion.
   It makes you more stealthy.
 y - a +0 pair of gloves (worn)
 K - a +2 chain mail of cold resistance (worn)
 Q - the +0 helmet "Siapn" (worn) {rF+ Str+5}
   (You found it on level 10 of the Dungeon)

   It affects your strength (+5).
   It protects you from fire.
Jewellery
 r - an uncursed ring of positive energy
 t - the ring of Robustness (left hand) {AC+8}
   (You found it on level 4 of the Dungeon)

   [ring of protection]

   It affects your AC (+8).
 D - an uncursed ring of protection from cold
 E - a +5 ring of strength (right hand)
 G - a cursed ring of teleportation
 R - an uncursed ring of protection from magic
 W - a +1 ring of protection
 Y - an uncursed ring of resist corrosion {unknown}
Wands
 m - a wand of disintegration (16)
 p - a wand of iceblast (17)
 q - a wand of random effects (17)
 u - a wand of clouds (10)
 B - a wand of enslavement (6)
 I - a wand of polymorph (10)
 N - a wand of paralysis (11)
 S - a wand of acid (5)
 T - a wand of digging (4)
Scrolls
 g - 4 scrolls of fear
 n - 11 scrolls of teleportation
 w - 2 scrolls of fog
 A - 7 scrolls of remove curse
 C - 2 scrolls of amnesia
 H - 2 scrolls of silence
 L - 2 scrolls of magic mapping
 X - a scroll of identify
Potions
 e - 9 potions of curing
 h - a potion of heal wounds
 i - a potion of berserk rage
 j - 4 potions of mutation
 l - a potion of ambrosia
 s - 6 potions of haste
 v - 5 potions of flight
 z - 2 potions of lignification
 F - a potion of cancellation
 P - 3 potions of might
Books
 x - a manual of Translocations
 M - a manual of Unarmed Combat
Miscellaneous
 O - a sack of spiders
 U - a lightning rod (4/4)
Comestibles
 f - 21 rations


   Skills:
 - Level 10.1 Fighting
 - Level 14.0 Axes
 + Level 10.9 Armour
 - Level 17.0 Shields


You had 13 spell levels left.
You didn't know any spells.
Your spell library contained the following spells:

 Spells                   Type           Power        Failure   Level  Hunger
 Beastly Appendage        Tmut           #.....       11%         1    ##.....
 Confusing Touch          Hex            #.....       11%         1    ##.....
 Corona                   Hex            #......      11%         1    ##.....
 Slow                     Hex            #.......     16%         2    ###....
 Sticks to Snakes         Tmut           #.......     16%         2    ###....
 Confuse                  Hex            #.......     28%         3    ####...
 Gell's Gravitas          Tloc           #.........   28%         3    ####...
 Inner Flame              Hex/Fire       #.......     28%         3    ####...
 Portal Projectile        Hex/Tloc       #.....       28%         3    ####...
 Spider Form              Tmut/Pois      #.........   28%         3    ####...
 Cause Fear               Hex            #.........   63%         4    #####..
 Ice Form                 Ice/Tmut       #.......     63%         4    #####..
 Leda's Liquefaction      Hex/Erth       #.........   63%         4    #####..
 Petrify                  Tmut/Erth      #.......     63%         4    #####..
 Alistair's Intoxication  Tmut/Pois      #.......     89%         5    ######.
 Blade Hands              Tmut           #.........   89%         5    ######.
 Irradiate                Conj/Tmut      #.........   89%         5    ######.
 Metabolic Englaciation   Hex/Ice        #.........   89%         5    ######.
 Yara's Violent Unravell  Hex/Tmut       #.........   89%         5    ######.
 Statue Form              Tmut/Erth      #........    100%        6    #######
 Dragon Form              Tmut           #.........   100%        7    #######


Dungeon Overview and Level Annotations

Branches:
Dungeon (12/15)            Temple (1/1) D:4            Lair (6/6) D:10
  Snake (0/4) Lair:3        Slime (0/5) Lair:5          Orc (0/2) D:9
  Swamp: Lair:2-4    Shoals: Lair:2-4

Altars:
Ashenzari
Cheibriados
Dithmenos
Elyvilon
Fedhas
Gozag
Hepliaklqana
Kikubaaqudgha
Makhleb
Nemelex Xobeh
Okawaru
Qazlal
Ru
Sif Muna
Trog
Uskayaw
Vehumet
Wu Jian
Xom
Yredelemnul
Zin
The Shining One
Jiyva

Shops:
D:6 !   D:10 :


Innate Abilities, Weirdness & Mutations

You are resistant to damage.
You can heal yourself by infusing magical energy.
You resist negative energy. (rN+)
You passively map the area around you.
You do not regenerate.
Your magical capacity is low. (-10% MP)


Message History

You block the blink frog's attack. The drowned soul touches you.
The drowned soul drowns you!
* * * LOW HITPOINT WARNING * * *
A blink frog comes into view.
The merfolk avatar chants its luring song.
You block the blink frog's attack.
A blink frog comes into view.
The blink frog blinks!
The merfolk avatar chants its luring song.
The blink frog moves out of view.
Unknown command.
You fail to use your ability.
The shadowy forms in the deep grow still as others approach.
The blink frog blinks!
You block the drowned soul's attack. The drowned soul touches you.
The drowned soul drowns you!
* * * LOW HITPOINT WARNING * * *
You block the drowned soul's attack.
The merfolk avatar chants its luring song.
The drowned soul touches you. The drowned soul drowns you!
You die...

...≈≈≈≈##≈≈≈, ≈ ≈ ≈...P....
...##≈≈#≈≈≈≈ ≈ ≈≈ ≈≈ #≈.......
..≈##≈P# ≈≈≈# ≈≈ ≈ ≈≈##........
..≈≈≈≈≈# ≈≈P≈# #≈≈≈≈≈.......
..≈P≈≈≈#####..#######≈≈≈≈≈.......
..≈#.≈≈#8≈≈≈≈≈≈≈≈≈≈≈#≈≈#.........
..≈##≈≈#≈≈≈≈≈≈≈≈≈≈P≈#≈P##........
...P≈≈≈#≈≈≈≈≈≈≈≈W≈≈≈#≈≈≈≈......P.
...≈≈≈≈#≈≈≈≈)$[)@≈≈≈#≈≈≈≈≈.#.####
#.≈##≈≈#≈≈≈≈$≈≈m§≈≈≈#≈≈.#P†..###.
...##≈≈#≈≈≈≈$≈≈)F≈≈≈#≈≈##≈†##.#..
#.≈≈≈P≈#≈≈≈≈((($≈≈#≈.≈≈≈≈.PP###..
#≈.≈≈P≈#≈≈≈≈≈P≈≈≈≈≈≈#≈≈≈≈.PP# #..
#≈≈#.P≈#P≈P≈≈F≈F≈≈≈≈#≈≈#....# ##.
.≈.##≈≈#.≈≈≈≈≈≈§≈≈≈8#≈≈#...## #..
#..≈≈≈≈#####≈≈≈≈#####≈≈P≈≈..###..
#.≈≈≈≈≈#8≈≈≈≈≈≈P≈≈≈.#≈≈≈≈≈≈##....


You could see a merfolk avatar, 3 blink frogs and a drowned soul.

Vanquished Creatures
  A minotaur (Gauntlet)
  A dire elephant (Lair:6)
  2 great orbs of eyes (Gauntlet)
  A catoblepas (Lair:3)
  5 hydras
  12 death yaks
  A queen ant (D:9)
  6 ugly things
  A cyclops (D:12)
  A manticore (Lair:6)
  4 elephants (Lair:6)
  3 black mambas
  A centaur zombie (D:10)
  9 spiny frogs
  9 komodo dragons
  9 rime drakes
  3 polar bears
  A troll (D:12)
  A hornet (Lair:6)
  6 blink frogs
  6 hippogriffs
  A shadow (D:11)
  2 wraiths
  A spriggan (D:8)
  7 wyverns
  6 basilisks
  25 yaks
  Grum (D:8)
  A neqoxec (Gauntlet)
  A hungry ghost (D:10)
  2 chaos spawn (Gauntlet)
  A warg (D:9)
  Menkaure (D:7)
  13 water moccasins
  8 soldier ants (D:9)
  10 porcupines
  Duvessa (D:7)
  3 ice beasts
  4 sky beasts
  4 black bears
  4 ogres
  4 orc warriors
  2 phantoms
  A necrophage (D:10)
  12 wolves
  14 crocodiles
  11 centaurs
  3 big kobolds
  Blork the orc (D:6)
  A gnoll sergeant (D:9)
  17 bullfrogs
  4 water moccasin zombies (Ossuary)
  2 scorpions
  Dowan (D:7)
  4 killer bees (D:12)
  9 wights
  5 crimson imps
  2 bullfrog zombies
  2 quasits (D:11)
  9 orc priests
  4 jellies
  2 bullfrog skeletons
  5 hounds
  13 orc wizards
  2 centaur skeletons
  6 iguanas
  29 worker ants
  2 hell rats (D:10)
  A killer bee zombie (D:8)
  4 big kobold zombies (Ossuary)
  2 mummies (Ossuary)
  A worker ant zombie (D:6)
  10 gnolls
  10 adders
  A river rat (D:10)
  3 shadow imps
  An ooze (D:5)
  4 adder zombies (Ossuary)
  2 adder skeletons
  A worm (D:2)
  A dart slug (D:2)
  5 leopard geckos
  50 orcs
  A ball python (D:1)
  4 bats
  2 giant cockroaches
  3 gnoll zombies (Ossuary)
  10 goblins
  8 hobgoblins
  6 jackals
  17 kobolds
  4 quokkas
  4 frilled lizards
  7 hobgoblin zombies (Ossuary)
  4 kobold zombies (Ossuary)
  A leopard gecko skeleton (D:5)
  3 orc zombies (Ossuary)
  A quokka skeleton (D:5)
  6 rats
  4 plants (Lair:6)
527 creatures vanquished.

Vanquished Creatures (others)
  4 fungi
  8 plants
12 creatures vanquished.

Grand Total: 539 creatures vanquished

Notes
Turn   | Place    | Note
-------+----------+-------------------------------------------
     0 | D:1      | poirepourri the Deep Dwarf Fighter began the quest for the
                  | Orb.
     0 | D:1      | Reached XP level 1. HP: 20/20 MP: 1/1
    72 | D:1      | Reached XP level 2. HP: 27/27 MP: 2/2
   611 | D:2      | Reached XP level 3. HP: 28/33 MP: 3/3
  1525 | D:3      | Reached XP level 4. HP: 30/40 MP: 4/4
  1730 | D:3      | Found a shattered altar of Ashenzari.
  1943 | D:3      | Saw a vision of the Swamp and the Snake Pit.
  1943 | D:3      | Noticed a swamp drake
  1943 | D:3      | Noticed a naga warrior
  1943 | D:3      | Noticed a naga ritualist
  1943 | D:3      | Noticed a naga
  1943 | D:3      | Noticed a naga mage
  1943 | D:3      | Noticed a black mamba
  1943 | D:3      | Noticed a black mamba
  1943 | D:3      | Noticed a black mamba
  1943 | D:3      | Noticed a naga
  1943 | D:3      | Noticed a black mamba
  1944 | D:3      | Noticed a naga warrior
  1976 | D:4      | Noticed an ogre
  1990 | D:4      | Killed an ogre
  1990 | D:4      | Reached XP level 5. HP: 17/46 MP: 5/5
  2183 | D:4      | Found a deep blue altar of Sif Muna.
  2197 | D:4      | Reached XP level 6. HP: 46/55 MP: 6/6
  2232 | D:4      | Found a staircase to the Ecumenical Temple.
  2296 | Temple   | Entered the Ecumenical Temple
  2318 | Temple   | Became a worshipper of Makhleb the Destroyer
  2524 | D:4      | Found the ring of Robustness {AC+8}
  2638 | D:5      | Entered Level 5 of the Dungeon
  2671 | D:5      | Found a sand-covered staircase.
  2679 | Ossuary  | Entered an ossuary
  2786 | Ossuary  | Reached XP level 7. HP: 39/61 MP: 7/7
  2852 | Ossuary  | Reached * piety under Makhleb
  3088 | D:5      | Reached skill level 10 in Axes
  3266 | D:5      | Reached XP level 8. HP: 64/68 MP: 8/8
  3369 | D:5      | Reached ** piety under Makhleb
  3729 | D:6      | Gained mutation: You passively map the area around you.
                  | [Deep Dwarf growth]
  3729 | D:6      | Reached XP level 9. HP: 52/74 MP: 9/9
  3859 | D:6      | Found Weziejux's Distillery.
  3870 | D:6      | Bought a potion of curing for 36 gold pieces
  3870 | D:6      | Bought a potion of curing for 36 gold pieces
  3870 | D:6      | Bought a potion of heal wounds for 60 gold pieces
  4128 | D:6      | Noticed Blork the orc
  4137 | D:6      | Killed Blork the orc
  4854 | D:7      | Noticed Duvessa
  4856 | D:7      | Noticed Dowan
  4871 | D:7      | Killed Dowan
  4877 | D:7      | Killed Duvessa
  5052 | D:7      | Reached *** piety under Makhleb
  5290 | D:7      | Reached skill level 5 in Fighting
  5341 | D:7      | Reached XP level 10. HP: 85/90 MP: 10/10
  5424 | D:7      | Noticed Menkaure
  5433 | D:7      | Killed Menkaure
  5557 | D:8      | Noticed Grum
  5585 | D:8      | Reached **** piety under Makhleb
  5600 | D:8      | Killed Grum
  5635 | D:8      | Got a steaming war axe
  5636 | D:8      | Identified the +5 war axe of the Crushed Ghosts {venom,
                  | rPois rC+} (You found it on level 8 of the Dungeon)
  6090 | D:8      | Found an ornate altar of the Wu Jian Council.
  6179 | D:9      | Reached ***** piety under Makhleb
  6188 | D:9      | Found a staircase to the Orcish Mines.
  6268 | D:9      | Noticed a queen ant
  6288 | D:9      | Killed a queen ant
  6298 | D:9      | Reached skill level 10 in Fighting
  6302 | D:9      | Noticed a purple ugly thing
  6303 | D:9      | Reached XP level 11. HP: 108/108 MP: 11/11
  6320 | D:9      | Killed a purple ugly thing
  6320 | D:9      | Reached skill level 4 in Shields
  6327 | D:9      | Reached skill level 5 in Shields
  6458 | D:9      | You fall through a shaft for 3 floors!
  6647 | D:12     | Reached skill level 6 in Shields
  6765 | D:11     | Reached skill level 7 in Shields
  6807 | D:11     | Found a gate leading to a gauntlet.
  6833 | Gauntlet | Entered a Gauntlet
  6833 | Gauntlet | Found a transporter.
  6833 | Gauntlet | Found a transporter.
  6853 | Gauntlet | Found a transporter.
  6854 | Gauntlet | Found a transporter.
  6856 | Gauntlet | Noticed a sixfirhy
  6861 | Gauntlet | Noticed a hell beast
  6865 | Gauntlet | Found the +0 Maxwell's etheric cage {RegenMP+ *Contam rElec
                  | MP+4}
  6867 | Gauntlet | Found a transporter.
  6869 | Gauntlet | Found a transporter.
  6876 | Gauntlet | Noticed a hell beast
  6879 | Gauntlet | Found a transporter.
  6895 | Gauntlet | Noticed a cyan ugly thing
  6896 | Gauntlet | Noticed a purple ugly thing
  6897 | Gauntlet | Noticed a great orb of eyes
  6898 | Gauntlet | Found a transporter.
  6918 | Gauntlet | Found a transporter.
  6921 | Gauntlet | Found a transporter.
  6922 | Gauntlet | Noticed a great orb of eyes
  6923 | Gauntlet | Noticed a white ugly thing
  6924 | Gauntlet | Noticed a white ugly thing
  6931 | Gauntlet | Found a transporter.
  6935 | Gauntlet | Found a transporter.
  6968 | Gauntlet | Gained mutation: Your magical capacity is low. (-10% MP) [a
                  | neqoxec]
  7006 | Gauntlet | Killed a white ugly thing
  7006 | Gauntlet | Reached skill level 8 in Shields
  7009 | Gauntlet | Killed a great orb of eyes
  7014 | Gauntlet | Killed a white ugly thing
  7014 | Gauntlet | Reached skill level 9 in Shields
  7027 | Gauntlet | Got a spiked cloak
  7038 | Gauntlet | Identified the cursed -1 cloak of Fit Notank {rPois} (You
                  | found it in a Gauntlet)
  7061 | Gauntlet | Paralysed by a great orb of eyes for 5 turns
  7070 | Gauntlet | Killed a great orb of eyes
  7071 | Gauntlet | Killed a green ugly thing
  7071 | Gauntlet | Reached skill level 10 in Shields
  7077 | Gauntlet | Killed a green ugly thing
  7086 | Gauntlet | Got a pair of transparent boots
  7097 | Gauntlet | Noticed a minotaur
  7113 | Gauntlet | Killed a minotaur
  7113 | Gauntlet | Reached ****** piety under Makhleb
  7113 | Gauntlet | Reached skill level 11 in Shields
  7146 | Gauntlet | Identified the Handbook of Transformation
  7182 | D:11     | Identified the +1 pair of boots "Ilokadik" {rCorr Stlth+}
                  | (You found it in a Gauntlet)
  7428 | D:11     | You fall through a shaft!
  7496 | D:12     | Reached XP level 12. HP: 106/116 MP: 10/10
  7975 | D:12     | Reached skill level 12 in Shields
  8548 | D:10     | Entered Level 10 of the Dungeon
  8557 | D:10     | Noticed a death yak
  8566 | D:10     | Noticed a death yak
  8570 | D:10     | Noticed a death yak
  8576 | D:10     | Killed a death yak
  8584 | D:10     | Killed a death yak
  8589 | D:10     | Killed a death yak
  8589 | D:10     | Reached skill level 13 in Shields
  8657 | D:10     | Got a polished helmet
  8665 | D:10     | Identified the +0 helmet "Siapn" {rF+ Str+5} (You found it
                  | on level 10 of the Dungeon)
  8713 | D:10     | Found a staircase to the Lair.
  8877 | D:10     | Found Kiogussu's Book Emporium.
  9406 | Lair:1   | Entered Level 1 of the Lair of Beasts
  9671 | Lair:1   | Reached skill level 14 in Shields
 10591 | Lair:2   | Noticed a seven-headed hydra
 10603 | Lair:2   | Killed a nine-headed hydra
 10603 | Lair:2   | Reached skill level 15 in Shields
 11192 | Lair:3   | Reached XP level 13. HP: 112/123 MP: 11/11
 11356 | Lair:3   | Reached skill level 16 in Shields
 11565 | Lair:3   | Found a staircase to the Snake Pit.
 11910 | Lair:4   | You fall through a shaft!
 12013 | Lair:5   | Reached skill level 17 in Shields
 12390 | Lair:5   | Reached skill level 5 in Armour
 12414 | Lair:5   | Found a viscous altar of Jiyva.
 12414 | Lair:5   | Found a staircase to the Slime Pits.
 12838 | Lair:6   | Entered Level 6 of the Lair of Beasts
 12882 | Lair:6   | Found the +7 longbow "Piercer" {penet, EV-2}
 13046 | Lair:6   | Gained mutation: You resist negative energy. (rN+) [Deep
                  | Dwarf growth]
 13046 | Lair:6   | Reached XP level 14. HP: 132/132 MP: 12/12
 13101 | Lair:6   | Reached skill level 10 in Armour
 13234 | Lair:6   | Drowned by a drowned soul

Vault maps used:
D:1:      wander_arrival_lonely_grave
D:3:      grunt_ashenzari_visionary
D:4:      led_sif_book, minmay_temple_entry_stoned_glass, first_ration,
          kennysheep_generic_room_6
D:5:      nicolae_ossuary_entry_plus
D:6:      serial_shops, nicolae_shop_trees, minmay_manual_monolith,
          uniq_blork_the_orc
D:7:      uniq_duvessa, uniq_menkaure
D:8:      kennysheep_little_box, the_bakery, item_on_display_a, uniq_grum
D:9:      erik_orc_4, small_chamber_with_monster, minivault_27,
          zaba_antful_of_joy
D:10:     dpeg_lair_monsters, serial_shops, shop
D:11:     gauntlet_entry_generic
D:12:     st_stairs_7
Temple:   regret_index_temple_chain_breaker
Lair:1:   grunt_megastairs_1
Lair:3:   guppyfry_snake_entry_garden, serial_bayou_shore_b, grunt_megastairs_4,
          serial_bayou_shore_a
Lair:4:   swamp_mist_pool, gammafunk_ghost_berserking_beasts
Lair:5:   slime_altar_1, beast_lair_carwin_9
Lair:6:   gammafunk_lair_ancient_temple
Ossuary:  ossuary_tomb_2
Gauntlet: gammafunk_gauntlet_hard_choice

Skill      XL: |  1  2  3  4  5  6  7  8  9 10 11 12 13 14 |
---------------+-------------------------------------------+-----
Axes           | 3 4 6 7 8 10 12 14 | 14.0
Fighting       | 5 10 | 10.1
Shields        | 11 15 17 | 17.0
Armour         | 9 10 | 10.9

Action                   |  1- 3 |  4- 6 |  7- 9 | 10-12 | 13-15 || total
-------------------------+-------+-------+-------+-------+-------++-------
Melee: War axe           |   112 |     6 |       |   614 |   389 ||  1121
       Hand axe          |       |   127 |   526 |    62 |       ||   715
       Morningstar       |       |       |       |     6 |    23 ||    29
 Abil: Heal Wounds       |       |     1 |     2 |       |       ||     3
Evoke: Wand              |       |     9 |     1 |       |     2 ||    12
  Use: Scroll            |     6 |     5 |    10 |    15 |     6 ||    42
       Potion            |       |     3 |     6 |     8 |     3 ||    20
 Stab: Confused          |       |       |     5 |       |       ||     5
       Invisible         |       |       |       |     2 |       ||     2
  Eat: Ration            |     1 |     1 |     3 |     7 |     2 ||    14
Armor: Scale mail        |    51 |    37 |   149 |   152 |       ||   389
       Chain mail        |       |       |       |   131 |   199 ||   330
Dodge: Dodged            |    32 |    19 |    84 |   186 |    68 ||   389
Block: Shield            |    52 |    56 |   157 |   440 |   418 ||  1123

Table legend:
 A = Non-vault XP
 B = Vault XP
 C = Vault XP percentage of total XP
 D = Non-vault monster count
 E = Vault monster count
 F = Vault count percentage of total count
                 A         B        C        D         E       F
            +---------+---------+-------+---------+---------+-------
      Total |   48827 |   24828 |  33.7 |     378 |     145 |  27.7
            +---------+---------+-------+---------+---------+-------
        D:1 |      29 |       0 |   0.0 |      16 |       0 |   0.0
        D:2 |      55 |       0 |   0.0 |      17 |       0 |   0.0
        D:3 |      26 |       0 |   0.0 |      11 |       0 |   0.0
        D:4 |     315 |      85 |  21.2 |      13 |       3 |  18.8
        D:5 |    1698 |       0 |   0.0 |      28 |       0 |   0.0
        D:6 |     789 |     323 |  29.0 |      16 |       6 |  27.3
        D:7 |    1555 |     379 |  19.6 |      48 |       3 |   5.9
        D:8 |    1479 |     749 |  33.6 |      29 |       5 |  14.7
        D:9 |     514 |    3893 |  88.3 |      13 |      46 |  78.0
       D:10 |    1928 |    3079 |  61.5 |      19 |      11 |  36.7
       D:11 |    1297 |       0 |   0.0 |      18 |       0 |   0.0
       D:12 |    4601 |      45 |   1.0 |      37 |       1 |   2.6
     Lair:1 |    2207 |     289 |  11.6 |      11 |       2 |  15.4
     Lair:2 |    5307 |       0 |   0.0 |      19 |       0 |   0.0
     Lair:3 |    8851 |       0 |   0.0 |      31 |       0 |   0.0
     Lair:4 |     145 |       0 |   0.0 |       1 |       0 |   0.0
     Lair:5 |    9613 |    1065 |  10.0 |      21 |       5 |  19.2
     Lair:6 |    8418 |    8318 |  49.7 |      30 |      22 |  42.3
    Ossuary |       0 |     487 | 100.0 |       0 |      31 | 100.0
   Gauntlet |       0 |    6116 | 100.0 |       0 |      10 | 100.0
            +---------+---------+-------+---------+---------+-------
